 Dungeon Crawl Stone Soup version 0.27.1-33-g824d729ab1 (webtiles) character file.

Game seed: 5275934103978781749

6528 Kaptain the Geomancer (level 11, -5/72 HPs)
             Began as an Octopode Earth Elementalist on Dec 18, 2021.
             Succumbed to a killer bee's poison
             ... on level 8 of the Dungeon.
             The game lasted 00:49:01 (14280 turns).

Kaptain the Geomancer (OpEE)                       Turns: 14280, Time: 00:49:02

Health: -5/72      AC:  1    Str:  7    XL:     11   Next: 1%
Magic:  16/22      EV: 19    Int: 23    God:
Gold:   813        SH:  4    Dex: 13    Spells: 19/25 levels left

rFire    . . .     SeeInvis .   x - +3 trident
rCold    . . .     Faith    .   (no shield)
rNeg     + . .     Spirit   .   (helmet restricted)
rPois    .         Reflect  .   (no amulet)
rElec    .         Harm     .   b - ring of positive energy
rCorr    .         Rampage  .   w - ring of willpower
Will     +....                  o - +4 ring of evasion
Stlth    ++++++....             (no ring)
HPRegen  0.22/turn              (no ring)
MPRegen  0.18/turn              (no ring)
                                (no ring)
                                (no ring)

@: mighty, lethally poisoned (-5 -> -29)
A: almost no armour, amphibious, 8 rings, camouflage 1, gelatinous body 1,
nimble swimmer 1, tentacles, large bone plates 1, clever 1, wild magic 1
a: no special abilities


You were on level 8 of the Dungeon.
You visited 3 branches of the dungeon, and saw 10 of its levels.

You collected 813 gold pieces.

Inventory:

Hand Weapons
 n - a +3 dire flail of freezing
 q - a +1 mace of venom
 r - a +4 dagger
 x - a +3 trident (weapon)
Missiles
 f - 5 stones
Jewellery
 b - a ring of positive energy (left tentacle)
 c - a ring of protection from cold
 o - a +4 ring of evasion (on tentacle)
 w - a ring of willpower (right tentacle)
Wands
 i - a wand of flame (21)
Scrolls
 g - 2 scrolls of enchant armour
 j - a scroll of identify
 k - a scroll of amnesia {unknown}
 l - 5 scrolls of teleportation
 s - 4 scrolls of enchant weapon
Potions
 d - a potion of brilliance
 h - 2 potions of flight


   Skills:
 + Level 5.5 Fighting
 + Level 6.1 Dodging
 + Level 8.8 Stealth
 * Level 7.9 Spellcasting
 + Level 5.3 Conjurations
 - Level 1.0 Transmutations
 * Level 8.9 Earth Magic


You had 19 spell levels left.
You knew the following spells:

 Your Spells              Type           Power      Damage    Failure   Level
a - Sandblast             Erth           100%       2d20      1%          1
b - Passwall              Tmut/Erth      34%        N/A       2%          2
c - Stone Arrow           Conj/Erth      100%       3d13      2%          3

Your spell library contained the following spells:

 Spells                   Type           Power      Damage    Failure   Level
 Freeze                   Ice            44%        1d6       11%         1
 Petrify                  Tmut/Erth      41%        N/A       13%         4
 Corpse Rot               Necr/Air       N/A        N/A       16%         2
 Sublimation of Blood     Necr           5%         N/A       16%         2
 Frozen Ramparts          Ice            22%        1d4       30%         3
 Hailstorm                Conj/Ice       27%        3d7       32%         4
 Irradiate                Conj/Tmut      15%        3d18      56%         5
 Ice Form                 Ice/Tmut       14%        N/A       58%         4
 Lightning Bolt           Conj/Air       13%        1d27      63%         5
 Airstrike                Air            5%         N/A       65%         4
 Dispel Undead            Necr           11%        3d9       65%         4
 Summon Ice Beast         Ice/Summ       11%        N/A       65%         4
 Summon Lightning Spire   Summ/Air       11%        N/A       65%         4
 Death Channel            Necr           5%         N/A       100%        6


Dungeon Overview and Level Annotations

Branches:
Dungeon (8/15)             Temple (1/1) D:6            Lair (1/6) D:8

Altars:
Ashenzari
Cheibriados
Dithmenos
Elyvilon
Fedhas
Gozag
Hepliaklqana
Kikubaaqudgha
Makhleb
Nemelex Xobeh
Okawaru
Qazlal
Ru
Sif Muna
Trog
Uskayaw
Vehumet
Wu Jian
Xom
Yredelemnul
Zin
The Shining One

Shops:
D:2 (   D:5 (


Innate Abilities, Weirdness & Mutations

You cannot wear most types of armour.
You are amphibious.
You can wear up to eight rings at the same time.
Your skin changes colour to match your surroundings (Stealth+).
Your rubbery body absorbs attacks. (AC +1, EV +1)
You are camouflaged near water. (Stealth+)
You have tentacles for arms and can constrict up to eight enemies at once.
You are partially covered in large bone plates. (SH +4)
Your mind is acute. (Int +2)
Your spells are a little harder to cast, but a little more powerful.


Message History

The killer bee closely misses you. You block the killer bee's attack.
The killer bee closely misses you. The killer bee stings you.
The killer bee closely misses you. x2
Okay, then.
Casting: Sandblast (safe; 1% risk of failure)
Confirm with . or Enter, or press ? or * to list all spells.
Aiming: Stone Arrow (mildly dangerous; 2% risk of failure)
Press: ? - help, Shift-Dir - straight line, f - killer bee
Aim: a killer bee (heavily wounded, 55% to hit)
The stone arrow hits the killer bee!!
You kill the killer bee!
You feel sick. The killer bee barely misses you.
The killer bee completely misses you. The killer bee misses you.
The killer bee barely misses you. The killer bee misses you.
The killer bee stings you!
* * * LOW HITPOINT WARNING * * *
You are more poisoned.
The killer bee poisons you!
Casting: Stone Arrow (mildly dangerous; 2% risk of failure)
Confirm with . or Enter, or press ? or * to list all spells.
Aiming: Stone Arrow (mildly dangerous; 2% risk of failure)
Press: ? - help, Shift-Dir - straight line, f - killer bee
Aim: a killer bee (55% to hit)
The stone arrow hits the killer bee!
The killer bee is almost dead.
* * * LOW HITPOINT WARNING * * *
You feel very sick.
The killer bee barely misses you. x2; The killer bee misses you.
You block the killer bee's attack. The killer bee stings you!
* * * LOW HITPOINT WARNING * * *
The killer bee stings you!
* * * LOW HITPOINT WARNING * * *
You are more poisoned.
The killer bee poisons you!
Unknown command.
It was a potion of might.
You feel very mighty all of a sudden.
Your surroundings suddenly seem different.
Floosh!
You die...

..# #.####### ###########
........# #.........# #.#####.#
### #.#######.# #.# #.# ##_## #.#
#.# #.# #.#######≈≈≈####.# #.#
#.# #.......≈≈≈≈≈....# #.#
#.############≈≈.≈≈##### #.#
#...Y.......##≈≈@≈≈# #.#
####.###.......≈≈≈.# #<# ####.#
#)#####....## #.# .....###.#
#.#.## #.# ####.#...#####....#
#.# #.#.#.##.##.##.# #.#
####.#.#.#.#.#.##.############.##
.....#.#..###..##.#............#.
##..>....## ##..#.#.####.........


There were no monsters in sight!

Vanquished Creatures
  An elephant (D:8)
  3 komodo dragons (Lair:1)
  A queen bee (Lair:1)
  A hornet (D:7)
  4 yaks
  A wyvern (D:8)
  A steam dragon (D:8)
  4 basilisks
  4 water moccasins
  An ice beast (D:6)
  2 sky beasts
  A necrophage (D:8)
  A centaur (D:6)
  2 phantoms
  2 kobold brigands (D:6)
  4 bullfrogs
  A wyvern zombie (D:8)
  4 scorpions
  A water moccasin skeleton (D:7)
  17 killer bees
  4 wights (D:8)
  A centaur zombie (D:6)
  2 jellies
  3 centaur skeletons
  7 orc priests
  2 bullfrog skeletons (D:5)
  A gnoll shaman (D:5)
  3 hounds
  An iguana (D:6)
  3 orc wizards
  Terence (D:2)
  2 hound skeletons (D:4)
  A howler monkey zombie (D:6)
  8 gnolls (D:5)
  9 adders
  2 white imps
  An adder skeleton (D:4)
  3 worms
  3 dart slugs
  25 orcs
  9 ball pythons
  5 bats
  4 endoplasms
  5 giant cockroaches
  6 goblins
  6 hobgoblins
  10 kobolds
  5 quokkas
  A frilled lizard (D:2)
  7 rats
196 creatures vanquished.

Vanquished Creatures (others)
  A gnoll shaman (D:5)
  A gnoll (D:5)
  2 fungi
  6 plants
10 creatures vanquished.

Grand Total: 206 creatures vanquished

Notes
Turn   | Place    | Note
-------+----------+-------------------------------------------
     0 | D:1      | Kaptain the Octopode Earth Elementalist began the quest for
                  | the Orb.
     0 | D:1      | Reached XP level 1. HP: 11/11 MP: 3/3
   163 | D:1      | Reached XP level 2. HP: 12/17 MP: 0/5
   274 | D:1      | Found a faded altar of an unknown god.
   447 | D:1      | Learned a level 2 spell: Passwall
   840 | D:1      | Reached XP level 3. HP: 18/22 MP: 3/6
  1093 | D:2      | Found a broken altar of Ashenzari.
  1281 | D:2      | Found Giublecs's Antique Weapon Shoppe.
  1392 | D:2      | Reached skill level 1 in Fighting
  1392 | D:2      | Reached XP level 4. HP: 14/28 MP: 2/8
  1561 | D:2      | Learned a level 3 spell: Stone Arrow
  2299 | D:2      | Noticed Terence
  2332 | D:2      | Killed Terence
  2333 | D:2      | Reached XP level 5. HP: 23/33 MP: 2/9
  3917 | D:3      | Noticed a phantom
  3926 | D:3      | Killed a phantom
  3927 | D:3      | Reached XP level 6. HP: 33/39 MP: 2/11
  4318 | D:4      | Reached skill level 1 in Conjurations
  4839 | D:4      | Reached XP level 7. HP: 45/45 MP: 5/12
  5603 | D:4      | Reached skill level 5 in Earth Magic
  5921 | D:5      | Entered Level 5 of the Dungeon
  6213 | D:5      | Reached skill level 5 in Stealth
  6324 | D:5      | Found Wyngen's Antique Weapon Boutique.
  6602 | D:5      | Reached XP level 8. HP: 51/51 MP: 7/14
  6955 | D:5      | Identified a scroll of acquirement
  6955 | D:5      | Acquired 402 gold pieces
  7878 | D:6      | Found a staircase to the Ecumenical Temple.
  7882 | Temple   | Entered the Ecumenical Temple
  8098 | D:6      | Reached skill level 5 in Spellcasting
  9009 | D:7      | Reached XP level 9. HP: 57/57 MP: 12/17
  9273 | D:7      | Noticed a hornet
  9280 | D:7      | Killed a hornet
 10528 | D:8      | Found a staircase to the Lair.
 10528 | D:8      | Noticed an elephant
 10534 | D:8      | Reached skill level 5 in Dodging
 10576 | D:8      | Found a snail-covered altar of Cheibriados.
 11198 | D:8      | HP: 1/59 [elephant (5)]
 11276 | D:8      | HP: 1/59 [wight (4)]
 11614 | D:8      | Reached XP level 10. HP: 65/65 MP: 12/20
 11997 | D:8      | Killed an elephant
 12129 | Lair:1   | Entered Level 1 of the Lair of Beasts
 12435 | Lair:1   | Reached skill level 5 in Fighting
 12848 | Lair:1   | Reached skill level 5 in Conjurations
 13777 | D:8      | HP: 3/66 [killer bee (8)]
 13778 | D:8      | Gained mutation: Your mind is acute. (Int +2) [potion of
                  | mutation]
 13778 | D:8      | Gained mutation: Your spells are a little harder to cast,
                  | but a little more powerful. [potion of mutation]
 13778 | D:8      | Gained mutation: You are partially covered in large bone
                  | plates. (SH +4) [potion of mutation]
 14140 | Lair:1   | Reached XP level 11. HP: 70/72 MP: 0/22
 14279 | D:8      | HP: 1/72 [killer bee (9)]
 14280 | D:8      | Succumbed to a killer bee's poison

Illustrated notes

Levels and vault maps discovered:
D:1:      saegor_arrival_miasma, layout_loops_ring,
          shapermc_ecumenical_altar_mp_ritualfount
D:2:      layout_loops_ring, basic_altar, serial_shops, shop,
          minmay_tromino_mix6, uniq_terence
D:3:      layout_rooms, serial_co_window_serial, co_window_of_opportunity_a,
          co_window_paths_b, co_window_corner_a, co_window_of_opportunity_a,
          co_window_corner_a, co_window_paths_a, co_window_corner_a,
          co_window_2corner, co_window_broadway_c, co_window_corner_b,
          co_window_broadway_b, co_window_paths_c, co_window_2corner,
          co_window_corner_b, co_window_paths_d, glass_columns_a,
          glass_columns_b, minivault_24
D:4:      minmay_angry_zag, layout_loops_ring, kennysheep_generic_room_7
D:5:      layout_loops_ring, serial_shops, nicolae_shop_crystal,
          minmay_misc_feat_roman, lemuel_flamethrower_2
D:6:      layout_basic, temple_hall_moat
D:7:      layout_basic, chequers_arboretum
D:8:      layout_loops_ring, kennysheep_slug_shrine, david_lair_generic
Temple:   compressed_dpeg_circular_temple
Lair:1:   layout_cave_pods, special_room [special_room_bee], grunt_megastairs_5

Skill      XL: |  1  2  3  4  5  6  7  8  9 10 |
---------------+-------------------------------+-----
Stealth        | 3 4 5 6 7 8 |  8.8
Fighting       | 1 2 3 4 5 |  5.5
Spellcasting   | 3 4 5 6 7 |  7.9
Earth Magic    | 4 5 6 7 8 |  8.9
Dodging        | 3 4 5 6 |  6.1
Conjurations   | 1 2 3 4 5 |  5.3
Transmutations | |  1.0

Action                   |  1- 3 |  4- 6 |  7- 9 | 10-12 || total
-------------------------+-------+-------+-------+-------++-------
Melee: Unarmed           |    16 |    29 |       |       ||    45
       Tentacles         |     4 |     3 |     8 |       ||    15
       Constrict         |     4 |     4 |    12 |       ||    20
       Short sword       |       |       |    29 |       ||    29
       Mace              |       |       |    23 |       ||    23
       Trident           |       |       |     5 |       ||     5
 Cast: Sandblast         |    49 |    53 |   127 |    44 ||   273
       Stone Arrow       |       |    24 |    82 |    51 ||   157
Evoke: Wand              |       |       |     3 |       ||     3
  Use: Potion            |       |     3 |     6 |     5 ||    14
       Scroll            |       |       |    13 |     3 ||    16
 Stab: Sleeping          |     1 |       |     1 |       ||     2
Armor: Skin              |       |       |    10 |     2 ||    12
Dodge: Dodged            |    10 |    33 |   126 |   120 ||   289
Block: Other             |       |       |       |     5 ||     5
